Map: Catallena LE (Void)

Players

DankDoctor

  • Race: Protoss Protoss
  • League: Gold
  • Spawn Location: 5:00

WaterBear - Winner!

  • Race: Zerg Zerg
  • Spawn Location: 12:00

VOD

Have the link to the VOD?

Description

Time

  • Played on: Aug. 9, 2017, 11 p.m.
  • Length: 13:49
Show
View Real Time Build Order
Export as new Build Order

DankDoctor Protoss 

Build Orders: 1 Gate Expand 

Get SALT Encoding   

  12  0:01  Probe (Chrono Boost)  
  13  0:14  Pylon  
  13  0:19  Probe (Chrono Boost)  
  14  0:30  Probe (Chrono Boost)  
  15  0:36  Gateway  
  15  0:43  Probe (Chrono Boost)  
  15  0:49  Assimilator  
  16  0:53  Probe (Chrono Boost)  
  18  1:04  Probe (Chrono Boost)  
  18  1:15  Probe (Chrono Boost)  
  19  1:29  Nexus  
  19  1:41  Cybernetics Core  
  19  1:46  Pylon  
  19  1:54  Assimilator  
  19  2:00  Zealot  
  21  2:06  Probe (Chrono Boost)  
  22  2:22  Warp Gate, Mothership Core (Chrono Boost)  
  24  2:27  Pylon  
  24  2:32  Gateway  
  24  2:46  Pylon  
  24  2:47  Adept  
  24  2:50  Pylon  
  26  2:53  Probe x2 (Chrono Boost)  
  28  3:03  Probe (Chrono Boost)  
  28  3:04  Probe (Chrono Boost)  
  30  3:14  Probe (Chrono Boost)  
  31  3:21  Probe (Chrono Boost)  
  31  3:25  Probe (Chrono Boost)  
  33  3:30  Adept  
  33  3:32  Gateway, Probe (Chrono Boost)  
  36  3:38  Gateway  
  36  3:49  Robotics Facility  
  36  3:56  Probe x2 (Chrono Boost)  
  38  4:06  Probe (Chrono Boost)  
  38  4:07  Probe (Chrono Boost)  
  40  4:14  Forge  
  40  4:18  Gateway  
  40  4:27  Gateway  
  40  4:30  Pylon  
  40  4:37  Observer  
  41  4:39  Adept x3  
  47  4:53  Twilight Council  
  47  4:59  Observer  
  48  5:08  Pylon  
  48  5:09  Probe x2 (Chrono Boost)  
  48  5:14  Assimilator  
  50  5:20  Probe x2 (Chrono Boost)  
  52  5:21  Warp Prism  
  52  5:24  Stalker x3  
  60  5:39  Adept  
  61  5:50  Probe x2 (Chrono Boost)  
  59  5:57  Adept x2  
  59  5:58  Adept  
  59  6:00  Probe x2 (Chrono Boost)  
  67  6:11  Immortal  
  71  6:14  Adept  
  71  6:15  Resonating Glaives  
  73  6:28  Probe x2 (Chrono Boost)  
  75  6:32  Assimilator  
  75  6:35  Pylon  
  75  6:39  Probe (Chrono Boost)  
  76  6:50  Immortal, Adept  
  76  6:51  Adept x2  
  64  7:09  Adept  
  66  7:18  Adept  
  66  7:19  Adept x2  
  63  7:36  Nexus  
  63  7:38  Adept  
  65  7:46  Pylon  
  65  7:49  Pylon  
  65  7:52  Pylon  
  65  7:57  Assimilator, Adept  
  65  7:58  Adept x2  
  71  7:59  Adept  
  71  8:00  Protoss Ground Weapons Level 1  
  73  8:06  Robotics Bay  
  73  8:11  Observer  
  74  8:23  Adept  
  74  8:24  Adept x2  
  74  8:25  Adept  
  81  8:30  Gateway  
  81  8:33  Gateway  
  81  8:45  Extended Thermal Lance  
  81  8:52  Adept  
  81  8:53  Adept  
  81  8:54  Colossus  
  91  9:01  Gateway  
  90  9:23  Charge (Chrono Boost)  
  90  9:33  Adept x2  
  90  9:34  Adept x2  
  90  9:35  Adept  
  100  10:02  Nexus, Stalker x2  
  104  10:14  Nexus  
  104  10:16  Stalker  
  104  10:17  Stalker x2  
  110  10:32  Pylon  
  110  10:50  Colossus  
  110  10:51  Pylon  
  116  10:59  Robotics Facility  
  116  11:19  Stalker  
  116  11:20  Stalker  
  116  11:22  Stalker x2  
  123  11:36  Adept  
  123  11:37  Adept  
  123  11:38  Adept  
  129  12:01  Colossus  
  129  12:02  Assimilator  
  129  12:03  Pylon  
  129  12:06  Zealot  
  129  12:07  Zealot  
  139  12:24  Pylon  
  139  12:33  Pylon  
  139  12:35  Zealot  
  139  12:36  Zealot x2  
  145  12:37  Zealot  
  145  12:38  Zealot  
  143  12:49  Probe x2  
  134  13:01  Probe x2  
  136  13:13  Probe  
  136  13:14  Pylon  
  137  13:32  Probe  
  137  13:33  Probe  
Show
View Real Time Build Order
Export as new Build Order

WaterBear Zerg - Winner!

Build Orders: 3 Hatch before Pool 

Get SALT Encoding   

  12  0:01  Drone  
  13  0:12  Overlord  
  13  0:20  Drone  
  14  0:31  Drone x2  
  16  0:52  Hatchery  
  16  0:57  Drone  
  16  1:18  Hatchery  
  15  1:24  Drone x2  
  17  1:28  Drone  
  17  1:32  Extractor  
  17  1:36  Drone  
  19  1:47  Drone  
  19  1:53  Spawning Pool  
  18  1:59  Drone  
  19  2:07  Drone  
  20  2:14  Drone  
  21  2:20  Drone x2  
  23  2:33  Drone  
  23  2:34  Drone x2  
  26  2:43  Queen  
  28  2:44  Metabolic Boost  
  28  2:59  Queen  
  28  3:00  Queen  
  28  3:01  Drone x2  
  28  3:03  Overlord  
  34  3:17  Overlord  
  34  3:24  Drone x3  
  34  3:25  Drone  
  38  3:32  Extractor  
  37  3:35  Drone x4, Pneumatized Carapace  
  41  3:49  Evolution Chamber  
  41  3:53  Evolution Chamber  
  41  3:55  Evolution Chamber, Drone x2  
  41  3:56  Drone x2  
  41  3:57  Drone x2  
  44  4:06  Zergling x2  
  44  4:07  Zergling x8  
  49  4:20  Drone  
  49  4:22  Overlord  
  50  4:49  Baneling Nest  
  50  4:50  Lair  
  50  4:51  Drone x8  
  50  4:52  Drone  
  58  4:53  Overlord  
  58  4:54  Overlord x4  
  58  5:08  Extractor  
  58  5:09  Extractor  
  55  5:25  Zergling x2  
  55  5:26  Zergling x20  
  65  5:46  Drone x2  
  65  5:47  Drone x2  
  65  5:48  Drone x2  
  68  6:17  Centrifical Hooks  
  68  6:21  Baneling x6  
  68  6:22  Baneling x16  
  68  6:33  Hydralisk Den  
  68  6:35  Zerg Melee Weapons Level 1  
  67  6:41  Extractor, Drone  
  67  6:42  Extractor, Drone x6  
  67  6:43  Drone  
  73  6:54  Spore Crawler  
  73  6:55  Zergling x2  
  73  6:56  Zergling x30  
  76  7:23  Muscular Augments  
  76  7:24  Drone x10  
  86  7:43  Spore Crawler  
  85  7:50  Overlord  
  85  7:51  Overlord x2  
  85  7:52  Drone x3  
  88  8:17  Overlord x2  
  88  8:18  Overlord x3  
  88  8:21  Hydralisk  
  88  8:22  Hydralisk x13  
  116  8:30  Hatchery  
  116  8:32  Extractor  
  114  8:34  Extractor  
  114  8:35  Overlord x3  
  114  8:37  Queen  
  115  8:47  Hatchery  
  114  8:50  Overseer x3  
  114  8:52  Hatchery, Baneling  
  114  8:53  Baneling x18  
  114  8:54  Baneling x8  
  113  8:57  Zerg Melee Weapons Level 2  
  113  8:58  Zerg Missile Weapons Level 1  
  113  9:03  Zerg Ground Armor Level 1  
  113  9:21  Hydralisk x6  
  125  9:25  Drone x3  
  125  9:26  Drone x3  
  131  9:39  Overseer  
  131  9:52  Overlord x3  
  131  10:07  Hydralisk x16  
  131  10:09  Zergling x2  
  131  10:10  Zergling x4  
  166  10:53  Lurker Den  
  166  11:06  Zerg Missile Weapons Level 2, Zerg Ground Armor Level 2  
  166  11:48  Zergling x2  
  166  11:49  Zergling x36  
  166  11:51  Hydralisk x7  
  199  11:55  Baneling  
  199  11:56  Baneling x9  
  195  12:52  Overseer  
  195  12:57  Infestation Pit  
  194  13:01  Baneling  
  194  13:02  Baneling x15  
  194  13:03  Baneling x22  
Tags
 
Add a new tag
Caveats
  • Supply blocks, unpowered buildings, or Contaminate may cause inaccurate times.
  • Supply counts are checked every 10 seconds.